 Dungeon Crawl Stone Soup version 0.30.0-5-g1a98f26d00 (webtiles) character file.

Game seed: 7057951680246055148

16 hawla the Firebug (level 2, 0/20 HPs)
             Began as a Meteoran Fire Elementalist on May 11, 2023.
             Slain by a black bear (3 damage)
             ... on level 4 of the Dungeon.
             The game lasted 00:02:10 (159 turns).

hawla the Firebug (Meteoran Fire Elementalist)       Turns: 159, Time: 00:02:11

Health: 0/20       AC:  2    Str:  9    XL:     2   Next: 94%
Magic:  3/7        EV: 12    Int: 16    God:
Gold:   17         SH:  0    Dex: 14    Spells: 4/7 levels left

rFire   . . .        (no weapon)
rCold   . . .        (no shield)
rNeg    . . .        a - +0 robe
rPois   .            (no helmet)
rElec   .            (no cloak)
rCorr   .            (no gloves)
SInv    .            (no boots)
Will    .....        (no amulet)
Stlth   +            (no ring)
HPRegen 0.23/turn    (no ring)
MPRegen 0.10/turn

%: no passive effects
@: glowing
A: sense surroundings 1, otherworldly, glowing, explore regen
a: no special abilities


You were on level 4 of the Dungeon.
You visited 1 branch of the dungeon, and saw 4 of its levels.

You collected 17 gold pieces.

Inventory:

Armour
 a - a +0 robe (worn)
Scrolls
 d - a scroll of vulnerability {unknown}
 e - a scroll of teleportation {unknown}
Potions
 c - a potion of heal wounds {unknown}
 f - a potion of curing {unknown}


   Skills:
 + Level 2.6 Dodging
 - Level 1.4 Stealth
 + Level 3.1 Spellcasting
 + Level 1.4 Conjurations
 + Level 4.1 Fire Magic


You had 4 spell levels left.
You knew the following spells:

 Your Spells              Type           Power      Damage    Failure   Level
a - Foxfire               Conj/Fire      44%        2x1d6     6%          1
b - Scorch                Fire           30%        2d6       4%          2

Your spell library contained the following spells:

 Spells                   Type           Power      Damage    Failure   Level
 Sting                    Tmut/Pois      8%         1d3       19%         1
 Inner Flame              Hex/Fire       9%         N/A       24%         3
 Volatile Blastmotes      Fire/Tloc      18%        2d11      24%         3
 Poisonous Vapours        Pois/Air       4%         N/A       28%         2
 Flame Wave               Conj/Fire      11%        2d6       50%         4
 Olgreb's Toxic Radiance  Pois           2%         N/A       88%         4


Dungeon Overview and Level Annotations

Branches:
Dungeon (4/15) Zot: 2240
 Temple: D:4-7

Altars:
Xom


Innate Abilities, Weirdness & Mutations

You passively map a small area around you.
You are easily found by Zot.
You glow in the dark.
You regain HP and MP as you explore.


Message History

Confirm with . or Enter, or press ? or * to list all spells.
You conjure some foxfire!
The foxfire hits the orc.
The orc is heavily wounded.
The foxfire hits the orc.
You kill the orc!
Items here: )) [ †.
Your magical contamination has completely faded away.
HP restored.
A goblin comes into view. It is wielding a +0 dagger.
The goblin shouts!
There is an open door here.
Casting: Foxfire (safe; 6% risk of failure)
Confirm with . or Enter, or press ? or * to list all spells.
You conjure some foxfire!
A black bear comes into view.
The foxfire hits the goblin.
You kill the goblin!
The foxfire hits the black bear.
The black bear is lightly wounded.
There is an open door here.
You close the door.
Memorise Scorch, consuming 2 spell levels and leaving 4?
You start memorising the spell.
You continue memorising. x2
You finish memorising.
Spell assigned to 'b'.
You open the door.
There is an open door here.
The black bear bites you. The black bear claws you. x2
Casting: Foxfire (safe; 6% risk of failure)
Confirm with . or Enter, or press ? or * to list all spells.
Flames lash the black bear.
The black bear is heavily wounded.
The black bear's fire resistance burns away.
The black bear bites you but does no damage.
The black bear claws you. x2
Casting: Scorch (safe; 4% risk of failure)
Confirm with . or Enter, or press ? or * to list all spells.
You conjure some foxfire!
The black bear bites you!
* * * LOW HITPOINT WARNING * * *
The black bear claws you.
You die...

####.....# ,
#.....#### ,
#........######..
,
#................
#......#.#######.
#......#...# ,*
#......#.#.#
#......#+#'#####
**
#........h@....#
,
######...v.v...#
* * ##........# ,
#.)......#
#........#
#.....$..#
#........#
#........#
#........#


You could see a black bear (combustible, ally target).

Vanquished Creatures
  5 orcs (D:4)
  A goblin (D:4)
  A hobgoblin (D:4)
  A quokka (D:2)
  A bat (D:2)
  A kobold (D:3)
10 creatures vanquished.

Vanquished Creatures (others)
  22 foxfires
22 creatures vanquished.

Grand Total: 32 creatures vanquished

Notes
Turn   | Place    | Note
-------+----------+-------------------------------------------
     0 | D:1      | hawla the Meteoran Fire Elementalist began the quest for
                  | the Orb.
     0 | D:1      | Reached XP level 1. HP: 14/14 MP: 5/5
    62 | D:4      | Found a shimmering altar of Xom.
   119 | D:4      | Reached XP level 2. HP: 20/20 MP: 2/7
   125 | D:4      | Reached skill level 4 in Fire Magic
   144 | D:4      | Noticed a black bear
   153 | D:4      | Learned a level 2 spell: Scorch
   159 | D:4      | Slain by a black bear

Illustrated notes

Levels and vault maps discovered:
D:1:      dpeg_arrival_line_fractal, layout_loops_ring,
          chequers_ecumenical_altar_grove, kennysheep_flooded_box
D:2:      layout_loops_corners
D:3:      layout_basic, ebering_dispersal_statue_hall, uniq_grinder, uniq_robin
D:4:      layout_basic, nicolae_overflow_hidden_temple

Skill      XL: |  1  2 |
---------------+-------+-----
Spellcasting   | 3 |  3.1
Fire Magic     | 4 |  4.1
Dodging        | |  2.6
Stealth        | |  1.4
Conjurations   | |  1.4

Action                     || total
---------------------------++-------
  Melee: Unarmed           ||     1
   Cast: Foxfire           ||    13
         Scorch            ||     1
    Use: Potion            ||     1
 Armour: Robe              ||     2
  Dodge: Dodged            ||     6
